[Event "Titled Tuesday Blitz February 21 Early 2023"]
[White "Nakamura, Hikaru"]
[Black "Karas, Marek"]
[WhiteFideId "2016192"]
[BlackFideId "14928558"]
[WhiteElo "2775"]
[BlackElo "2227"]
[Result "1-0"]
[Round "01"]
[TimeControl "180+2"]
[Date "2023.02.21"]
[WhiteClock "0:00:56"]
[BlackClock "0:00:02"]

1. Nf3 Nf6 2. g3 d5 3. Bg2 e6 4. d3 Be7 5. Nbd2 O-O 6. O-O c5 7. e4 Nc6 8. Re1 b5 9. e5 Nd7 10. Nf1 Qc7 11. Bf4 Bb7 12. h4 Rfc8 13. h5 h6 14. N1h2 Qd8 15. c3 a5 16. Qd2 b4 17. c4 dxc4 18. dxc4 Nb6 19. Qc1 Qd3 20. Nd2 Ra7 21. Be4 Qd8 22. Ndf3 Nd4 23. Bxh6 Nxf3+ 24. Nxf3 Bxe4 25. Rxe4 Qd3 26. Rg4 Qxf3 27. Rxg7+ Kh8 28. Qc2 Qf5 29. Qxf5 exf5 30. Rxf7 Kg8 31. e6 Rac7 32. Bf4 Rb7 33. h6 Nxc4 34. b3 Bf6 35. Rxf6 Na3 36. Rd1 a4 37. Rd7 Rcc7 38. h7+ Kh8 39. Rf8# 1-0


[Site "https://www.chess.com"]

[Event "Titled Tuesday Blitz February 21 Early 2023"]
[White "Arencibia Monduy, Antonio"]
[Black "Nihal Sarin"]
[WhiteFideId "3507939"]
[BlackFideId "25092340"]
[WhiteElo "2122"]
[BlackElo "2673"]
[Result "0-1"]
[Round "01"]
[TimeControl "180+2"]
[Date "2023.02.21"]
[WhiteClock "0:00:17"]
[BlackClock "0:01:31"]

1. e4 e5 2. Bc4 Nc6 3. d3 Nf6 4. Nf3 Bc5 5. c3 O-O 6. Bb3 d5 7. Qe2 a5 8. a4 dxe4 9. dxe4 b6 10. Bc4 Ne7 11. Bg5 Ng6 12. Nbd2 h6 13. Be3 Bxe3 14. fxe3 Bb7 15. Bd3 Qd6 16. Nc4 Qc5 17. Nfd2 Rad8 18. O-O Nf4 19. Rxf4 exf4 20. Kh1 fxe3 21. Nxe3 Qd6 22. Nd5 Bxd5 23. exd5 Qxd5 24. Bc4 Qxd2 25. Qf3 Rfe8 0-1


[Site "https://www.chess.com"]

[Event "Titled Tuesday Blitz February 21 Early 2023"]
[White "Andreikin, Dmitry"]
[Black "Jaskolka, Tomasz"]
[WhiteFideId "4158814"]
[BlackFideId "1170791"]
[WhiteElo "2729"]
[BlackElo "2238"]
[Result "1-0"]
[Round "01"]
[TimeControl "180+2"]
[Date "2023.02.21"]
[WhiteClock "0:01:45"]
[BlackClock "0:00:39"]

1. d4 d5 2. c4 c6 3. Nf3 Nf6 4. g3 g6 5. Bg2 Bg7 6. O-O O-O 7. Nbd2 Bf5 8. b3 Ne4 9. Bb2 Nxd2 10. Qxd2 Be4 11. Rfd1 Nd7 12. Rac1 e6 13. h4 Nf6 14. Qf4 Nh5 15. Qe3 Rc8 16. Ne1 Bxg2 17. Nxg2 Re8 18. Qf3 Qf6 19. Qd3 Qf5 20. Ne3 Qxd3 21. Rxd3 Nf6 22. Kg2 Bf8 23. f3 Bd6 24. Rcd1 Nh5 25. Nf1 Kf8 26. Bc1 Kg7 27. Be3 Nf6 28. Bf2 Red8 29. Nd2 Ne8 30. e4 Bb4 31. e5 Bxd2 32. R3xd2 Rd7 33. Be3 h6 34. g4 Rcd8 35. Kg3 Nc7 36. c5 Nb5 37. Rc2 Nc7 38. h5 g5 39. f4 gxf4+ 40. Bxf4 Rg8 41. Rf1 Kh7 42. Rcf2 Ne8 43. Be3 Rg7 44. Kh4 Re7 45. Rf6 1-0


[Site "https://www.chess.com"]

[Event "Titled Tuesday Blitz February 21 Early 2023"]
[White "Santos Flores, Alberto"]
[Black "Paravyan, David"]
[WhiteFideId "3601234"]
[BlackFideId "4194985"]
[WhiteElo "2164"]
[BlackElo "2601"]
[Result "1/2-1/2"]
[Round "01"]
[TimeControl "180+2"]
[Date "2023.02.21"]
[WhiteClock "0:01:11"]
[BlackClock "0:00:21"]

1. e4 e5 2. Nf3 Nf6 3. Nxe5 d6 4. Nf3 Nxe4 5. Nc3 Nxc3 6. dxc3 Be7 7. Be3 O-O 8. Qd2 Nc6 9. O-O-O Bf5 10. Bd3 Qd7 11. Nd4 Nxd4 12. cxd4 Rfe8 13. h3 d5 14. g4 Bxd3 15. Qxd3 Bd6 16. Qd2 a5 17. Bf4 Bxf4 18. Qxf4 Re4 19. Qd2 a4 20. a3 Rae8 21. Rhe1 h6 22. f3 Rxe1 23. Rxe1 Re6 24. Re5 Rxe5 25. dxe5 Qb5 26. Qd3 Qc5 27. Kb1 c6 28. f4 Qg1+ 29. Ka2 Qf2 30. f5 Qe1 31. Qd4 b5 32. f6 gxf6 33. exf6 Qe4 34. Qc5 d4 35. Qe7 Qd5+ 36. Kb1 d3 37. cxd3 Qxd3+ 38. Ka1 Qd1+ 39. Ka2 Qd5+ 40. Ka1 Qd1+ 41. Ka2 Qb3+ 42. Ka1 Qd1+ 1/2-1/2


[Site "https://www.chess.com"]

[Event "Titled Tuesday Blitz February 21 Early 2023"]
[White "Dubov, Daniil"]
[Black "Mostbauer, Maximilian"]
[WhiteFideId "24126055"]
[BlackFideId "1626680"]
[WhiteElo "2708"]
[BlackElo "2167"]
[Result "1-0"]
[Round "01"]
[TimeControl "180+2"]
[Date "2023.02.21"]
[WhiteClock "0:00:14"]
[BlackClock "0:00:06"]

1. d4 e6 2. Nf3 Nf6 3. Bg5 Be7 4. Nbd2 d5 5. e3 O-O 6. Bd3 b6 7. Ne5 Bb7 8. c3 Nbd7 9. Qb1 h6 10. Bf4 Nh5 11. Nxd7 Qxd7 12. Be5 f6 13. Bg3 Nxg3 14. hxg3 f5 15. f4 Bc6 16. Nf3 Bf6 17. Kf2 Bb5 18. Qf1 Bxd3 19. Qxd3 c5 20. Rae1 c4 21. Qd1 b5 22. Ng1 b4 23. g4 bxc3 24. bxc3 Rab8 25. Kg3 Rb2 26. Re2 Rfb8 27. Nf3 fxg4 28. Ne5 Bxe5 29. dxe5 Qf7 30. Rxb2 Rxb2 31. Qxg4 Rc2 32. Rxh6 Rxc3 33. Kf2 Rc2+ 34. Kg1 Rc1+ 35. Kh2 c3 36. Rxe6 c2 37. Rc6 g6 38. Qc8+ Qf8 39. Rxg6+ Kh7 40. Qxf8 Rh1+ 41. Kg3 Kxg6 42. Qf6+ Kh7 43. Qf5+ Kh8 44. Qxc2 Rh7 45. Qc8+ Kg7 46. Kg4 Rh6 47. Qd7+ Kg8 48. Kg5 Rh7 49. Qd8+ Kf7 50. f5 Rg7+ 51. Kf4 Rg8 52. Qd7+ Kf8 53. f6 Rg4+ 54. Kf5 Rg5+ 55. Ke6 Rxe5+ 56. Kxe5 1-0


[Site "https://www.chess.com"]

[Event "Titled Tuesday Blitz February 21 Early 2023"]
[White "Alinasab, Mobina"]
[Black "Caruana, Fabiano"]
[WhiteFideId "12528897"]
[BlackFideId "2020009"]
[WhiteElo "2347"]
[BlackElo "2764"]
[Result "0-1"]
[Round "01"]
[TimeControl "180+2"]
[Date "2023.02.21"]
[WhiteClock "0:00:02"]
[BlackClock "0:01:36"]

1. Nf3 d5 2. g3 g6 3. Bg2 Bg7 4. d4 c6 5. O-O Nf6 6. b3 O-O 7. Bb2 a5 8. a3 a4 9. b4 Ne4 10. Nbd2 Nd6 11. Rc1 b5 12. Ne5 Bf5 13. f3 Qc7 14. e4 Be6 15. Nd3 Nd7 16. Nf4 Nb6 17. Nxe6 fxe6 18. c3 Bh6 19. f4 Nbc4 20. Nxc4 Nxc4 21. Qe2 Kh8 22. Rce1 g5 23. Qh5 Nxb2 24. Qxh6 gxf4 25. gxf4 Rf6 26. Qh3 Rg8 27. Re2 Nc4 28. e5 Rfg6 29. Kh1 Qd8 30. f5 exf5 31. Qxf5 e6 32. Qh3 Qg5 33. Qf3 Nd2 34. Qf4 Nxf1 35. Qxf1 Rh6 36. h3 Qg3 37. Rf2 Rhg6 38. Re2 Qxc3 0-1


[Site "https://www.chess.com"]

[Event "Titled Tuesday Blitz February 21 Early 2023"]
[White "Pranav, V"]
[Black "Reprintsev, Alexander"]
[WhiteFideId "25060783"]
[BlackFideId "14100541"]
[WhiteElo "2597"]
[BlackElo "2253"]
[Result "1-0"]
[Round "01"]
[TimeControl "180+2"]
[Date "2023.02.21"]
[WhiteClock "0:01:17"]
[BlackClock "0:01:01"]

1. Nf3 d5 2. g3 Nc6 3. Bg2 e5 4. d3 Be7 5. O-O Be6 6. Nbd2 f5 7. e4 Nf6 8. exd5 Bxd5 9. Re1 Bd6 10. c4 Bf7 11. Nb3 e4 12. dxe4 Bb4 13. Bd2 fxe4 14. Ng5 O-O 15. Nxe4 Bxc4 16. Nec5 Bxd2 17. Nxd2 Bd5 18. Nxb7 Qb8 19. Bxd5+ Nxd5 20. Qb3 Nb4 21. Nc5 Qb5 22. Ne6 Rfb8 23. Nxc7 1-0


[Site "https://www.chess.com"]

[Event "Titled Tuesday Blitz February 21 Early 2023"]
[White "Zochowski, Kacper"]
[Black "Sarana, Alexey"]
[WhiteFideId "1125494"]
[BlackFideId "24133795"]
[WhiteElo "2262"]
[BlackElo "2685"]
[Result "0-1"]
[Round "01"]
[TimeControl "180+2"]
[Date "2023.02.21"]
[WhiteClock "0:01:38"]
[BlackClock "0:01:57"]

1. Nf3 d5 2. c4 d4 3. e3 Nc6 4. exd4 Nxd4 5. Nxd4 Qxd4 6. d3 Nh6 7. Nc3 Nf5 8. Be2 c6 9. g4 Nh4 10. Be3 Ng2+ 11. Kd2 Nxe3 12. fxe3 Qd6 13. Kc2 g6 14. Qf1 Bg7 15. Rd1 Be6 16. Qf4 Qb4 17. a3 Qa5 18. d4 Rd8 19. h4 h5 0-1


[Site "https://www.chess.com"]

[Event "Titled Tuesday Blitz February 21 Early 2023"]
[White "Le, Tuan Minh"]
[Black "Taboas Rodriguez, Daniel"]
[WhiteFideId "12401153"]
[BlackFideId "2208466"]
[WhiteElo "2542"]
[BlackElo "2371"]
[Result "1-0"]
[Round "01"]
[TimeControl "180+2"]
[Date "2023.02.21"]
[WhiteClock "0:02:11"]
[BlackClock "0:02:37"]

1. d4 Nf6 2. Nf3 g6 3. Bg5 Bg7 4. c3 O-O 5. Nbd2 b6 6. e4 Bb7 7. Bd3 c5 8. O-O cxd4 9. cxd4 Nc6 10. a3 Rc8 11. Qe2 h6 12. Bh4 g5 13. e5 1-0


[Site "https://www.chess.com"]

[Event "Titled Tuesday Blitz February 21 Early 2023"]
[White "Arenas, David"]
[Black "Martinez Alcantara, Jose Eduardo"]
[WhiteFideId "4403177"]
[BlackFideId "3805662"]
[WhiteElo "2426"]
[BlackElo "2619"]
[Result "0-1"]
[Round "01"]
[TimeControl "180+2"]
[Date "2023.02.21"]
[WhiteClock "0:00:18"]
[BlackClock "0:01:28"]

1. e4 c5 2. Nf3 d6 3. d4 cxd4 4. Nxd4 Nf6 5. Nc3 Nc6 6. Bg5 e6 7. Qd2 a6 8. O-O-O Bd7 9. f3 Nxd4 10. Qxd4 Bc6 11. h4 h6 12. Be3 d5 13. e5 Nd7 14. f4 Bc5 15. Qd2 Qb6 16. Bxc5 Nxc5 17. Bd3 O-O-O 18. Ne2 d4 19. Ng3 Na4 20. b3 Nc3 21. Kb2 Nxd1+ 22. Rxd1 Kb8 23. Nh5 Rhg8 24. Bh7 Rh8 25. Bd3 Qc5 26. Rg1 Rhg8 27. g4 a5 28. a3 Rc8 29. Rg3 Bd5 30. Bh7 Rh8 31. Bd3 g6 32. Nf6 Rhd8 33. h5 gxh5 34. gxh5 a4 35. b4 Qc3+ 36. Qxc3 dxc3+ 37. Kc1 Bc4 38. Ne4 Bxd3 39. cxd3 Rg8 40. Kc2 Rxg3 41. Nxg3 Rg8 42. Ne4 Rg4 43. Kxc3 Rxf4 44. Nf6 Rf5 45. d4 Rf3+ 46. Kb2 Rh3 47. Ka2 Kc7 0-1


[Site "https://www.chess.com"]

[Event "Titled Tuesday Blitz February 21 Early 2023"]
[White "Hakobyan, Aram"]
[Black "Perera Alfonso, Rene Humberto"]
[WhiteFideId "13306677"]
[BlackFideId "3514722"]
[WhiteElo "2608"]
[BlackElo "2320"]
[Result "1-0"]
[Round "01"]
[TimeControl "180+2"]
[Date "2023.02.21"]
[WhiteClock "0:02:09"]
[BlackClock "0:00:13"]

1. e4 c5 2. Nf3 d6 3. Bb5+ Bd7 4. c4 g6 5. d4 cxd4 6. Qxd4 Nf6 7. Nc3 Nc6 8. Bxc6 Bxc6 9. O-O Bg7 10. Be3 O-O 11. Qd3 a6 12. Nd4 Bd7 13. f3 Rc8 14. Rac1 Qa5 15. Nb3 Qc7 16. Nd2 Rfd8 17. b3 e6 18. Bd4 Bc6 19. Qe3 Nd7 20. Bxg7 Kxg7 21. Rfd1 Nc5 22. Nf1 e5 23. Qf2 Ne6 24. Ne3 Qb6 25. Nf5+ 1-0


[Site "https://www.chess.com"]

[Event "Titled Tuesday Blitz February 21 Early 2023"]
[White "Omelja, Artem"]
[Black "Fedoseev, Vladimir"]
[WhiteFideId "14119846"]
[BlackFideId "24130737"]
[WhiteElo "2446"]
[BlackElo "2680"]
[Result "0-1"]
[Round "01"]
[TimeControl "180+2"]
[Date "2023.02.21"]
[WhiteClock "0:00:01"]
[BlackClock "0:01:26"]

1. d4 Nf6 2. c4 e6 3. Nf3 d5 4. Nc3 c6 5. Bg5 h6 6. Bh4 Be7 7. e3 Nbd7 8. Qc2 O-O 9. Bd3 dxc4 10. Bxc4 b5 11. Bd3 Bb7 12. O-O Rc8 13. Rfd1 Qb6 14. Ne5 Rfd8 15. Bh7+ Kf8 16. Nxd7+ Nxd7 17. Bxe7+ Kxe7 18. Be4 c5 19. Bxb7 Qxb7 20. dxc5 Rxc5 21. Qd3 b4 22. Qd6+ Ke8 23. Ne2 Qb6 24. Qd4 Nf6 25. Qf4 Rxd1+ 26. Rxd1 a5 27. Nd4 e5 28. Qg3 exd4 29. Qxg7 dxe3 30. fxe3 Re5 31. Kh1 Ke7 32. Qh8 Rd5 33. Rf1 Qd6 34. Qxh6 Rh5 0-1


[Site "https://www.chess.com"]

[Event "Titled Tuesday Blitz February 21 Early 2023"]
[White "Bluebaum, Matthias"]
[Black "Bews, Steven"]
[WhiteFideId "24651516"]
[BlackFideId "2400529"]
[WhiteElo "2669"]
[BlackElo "2295"]
[Result "0-1"]
[Round "01"]
[TimeControl "180+2"]
[Date "2023.02.21"]
[WhiteClock "0:00:03"]
[BlackClock "0:00:21"]

1. d4 Nf6 2. c4 e6 3. Nc3 Bb4 4. e3 O-O 5. Bd2 d5 6. Nf3 Re8 7. Rc1 Bxc3 8. Bxc3 Ne4 9. Bd3 Nxc3 10. Rxc3 c6 11. O-O Nd7 12. e4 dxe4 13. Bxe4 c5 14. Bc2 cxd4 15. Qxd4 Nf6 16. Qh4 Bd7 17. Rd1 Qc7 18. Nd4 h6 19. Qg3 Qxg3 20. hxg3 Kf8 21. b4 Rac8 22. Bb3 Nd5 23. Rcc1 Nxb4 24. Nf5 exf5 25. Rxd7 Re7 26. Rd4 Na6 27. Rd5 g6 28. c5 Rec7 29. c6 Rxc6 30. Rxc6 Rxc6 31. Rd8+ Kg7 32. Ra8 Nc5 33. Rxa7 Nxb3 34. axb3 Rb6 35. Ra3 Kf6 36. Kf1 Ke5 37. Ke2 Kd4 38. Kd2 Kc5 39. Kc3 Rc6 40. b4+ Kd6+ 41. Kd4 b5 42. Ra5 Rc4+ 43. Kd3 Rxb4 44. Ra7 Ke6 45. Ra6+ Ke7 46. Ra7+ Kf6 47. Rb7 Rb2 48. Ke3 b4 49. Rb6+ Kg5 50. Kf3 b3 51. Rb7 Kf6 52. Rb6+ Kg7 53. Rb7 Rb1 54. Rb6 b2 55. Kf4 Kf8 56. Rb7 Ke8 57. Kf3 Kd8 58. Rb3 Kc7 59. Rb4 Kc6 60. Rb8 Kc5 61. Rb7 Kc4 62. Rb8 Kc3 63. Rc8+ Kd2 64. Rd8+ Ke1 65. Rb8 Kf1 66. Rb7 Kg1 67. Rb6 g5 68. Rb3 h5 69. Rb5 g4+ 70. Kf4 Kxf2 71. Rb3 Kxg2 72. Kg5 Rf1 73. Rxb2+ Kxg3 74. Kxh5 f4 75. Kg5 Rd1 76. Rb5 f3 77. Rf5 f2 78. Kh6 f1=Q 79. Rxf7 Qxf7 80. Kg5 Rd5+ 81. Kh6 Rh5# 0-1


[Site "https://www.chess.com"]

[Event "Titled Tuesday Blitz February 21 Early 2023"]
[White "Kuzmin, Roman"]
[Black "Deac, Bogdan-Daniel"]
[WhiteFideId "44134932"]
[BlackFideId "1226380"]
[WhiteElo "2198"]
[BlackElo "2700"]
[Result "0-1"]
[Round "01"]
[TimeControl "180+2"]
[Date "2023.02.21"]
[WhiteClock "0:00:04"]
[BlackClock "0:00:05"]

1. e4 g6 2. d4 Bg7 3. Nc3 Nc6 4. Nf3 d6 5. d5 Nb8 6. Be3 c6 7. Qd2 Qa5 8. a3 Nf6 9. h3 Nbd7 10. Be2 O-O 11. O-O Qc7 12. Nd4 a6 13. f4 cxd5 14. exd5 Nb6 15. Nb3 Bd7 16. Na5 Rac8 17. Bf3 Na4 18. Nxa4 Bxa4 19. b3 Bd7 20. Rac1 b6 21. Nc4 b5 22. Nb6 Rb8 23. Nxd7 Qxd7 24. Kh2 Rfc8 25. c4 bxc4 26. bxc4 Qd8 27. c5 dxc5 28. Rxc5 Rxc5 29. Bxc5 Ne8 30. Qe2 Nd6 31. Qxa6 Ra8 32. Qd3 Qc7 33. Be3 Qa5 34. Bc1 Bf6 35. Rd1 Rc8 36. Bd2 Bc3 37. Bc1 Qa4 38. g3 Bf6 39. Bg2 Rc3 40. Qe2 Qb3 41. Qf2 Qxd1 42. Bb2 Rc2 0-1


[Site "https://www.chess.com"]

[Event "Titled Tuesday Blitz February 21 Early 2023"]
[White "Lenderman, Aleksandr"]
[Black "Manukyan, Artyom"]
[WhiteFideId "2021285"]
[BlackFideId "13305786"]
[WhiteElo "2572"]
[BlackElo "2110"]
[Result "1-0"]
[Round "01"]
[TimeControl "180+2"]
[Date "2023.02.21"]
[WhiteClock "0:01:28"]
[BlackClock "0:00:10"]

1. Nf3 d5 2. e3 e6 3. c4 Nf6 4. b3 Be7 5. Bb2 dxc4 6. Bxc4 a6 7. O-O c5 8. d4 b5 9. Be2 O-O 10. a4 b4 11. Nbd2 Bb7 12. Rc1 Nbd7 13. Nc4 Rc8 14. Nfe5 Nxe5 15. Nxe5 Nd7 16. Bf3 Bxf3 17. Nxf3 Bf6 18. Qe2 Qb6 19. dxc5 Rxc5 20. Rxc5 Nxc5 21. Bxf6 gxf6 22. Nd4 f5 23. Rc1 a5 24. Qb5 Qxb5 25. axb5 Ne4 26. Rc7 Rb8 27. Ra7 Nd2 28. Rxa5 e5 29. Nxf5 Nxb3 30. Ra4 Rxb5 31. Ra8+ 1-0


[Site "https://www.chess.com"]

[Event "Titled Tuesday Blitz February 21 Early 2023"]
[White "Garv Gaur"]
[Black "Daneshvar, Bardiya"]
[WhiteFideId "45030839"]
[BlackFideId "12576468"]
[WhiteElo "2006"]
[BlackElo "2540"]
[Result "0-1"]
[Round "01"]
[TimeControl "180+2"]
[Date "2023.02.21"]
[WhiteClock "0:00:07"]
[BlackClock "0:00:07"]

1. d4 Nf6 2. Nf3 d5 3. c4 e6 4. g3 Bb4+ 5. Bd2 Be7 6. Bg2 O-O 7. O-O c6 8. Qc2 Nbd7 9. Rd1 b6 10. Bf4 Bb7 11. Nc3 dxc4 12. Nd2 Nd5 13. Nxc4 Nxf4 14. gxf4 Qc7 15. e3 c5 16. Nb5 Qb8 17. dxc5 Nxc5 18. Ne5 Bxg2 19. Kxg2 a6 20. Nd4 Bf6 21. b4 Bxe5 22. bxc5 Bxd4 23. Rxd4 bxc5 24. Qxc5 Qb7+ 25. Kg3 Rac8 26. Qb4 Qc7 27. Rad1 e5 28. fxe5 Qxe5+ 29. Kg2 h6 30. Rd5 Qe6 31. Rd6 Qxa2 32. R1d2 Qa1 33. Rd1 Qe5 34. Rxa6 Qg5+ 35. Kh1 Qh5 36. Rad6 Qf3+ 37. Kg1 Rfe8 38. Qf4 Qxf4 39. exf4 Re4 40. R6d4 Rc4 41. Rxc4 Rxc4 42. Kg2 Rxf4 43. Kg3 Ra4 44. Rd8+ Kh7 45. Rd7 Kg6 46. Rd6+ Kf5 47. Rd7 Ke6 48. Rb7 h5 49. f3 Kf6 50. Rb6+ Kf5 51. Rb5+ Kg6 52. h4 f6 53. Rb7 Kh6 54. Rf7 Ra6 55. Rb7 Rc6 56. Rb5 Rc7 57. Rb6 Kg6 58. Ra6 Re7 59. Rb6 Kf5 60. Rb5+ Re5 61. Rb7 g6 62. Rg7 Ra5 63. Rc7 Rb5 64. Rc4 Rd5 65. Rf4+ Ke6 66. Re4+ Re5 67. Ra4 Rb5 68. Ra6+ Kf5 69. Ra4 g5 70. Rc4 gxh4+ 71. Rxh4 Kg5 72. Rc4 Rb3 73. Rc5+ f5 74. Rc8 h4+ 75. Kg2 Rb4 76. Kh3 Kf4 77. Rc3 Rb2 78. Ra3 Rf2 79. Ra4+ Kxf3 80. Kxh4 f4 81. Kg5 Kg3 82. Kf5 Rb2 83. Ra8 f3 84. Rg8+ Kf2 85. Ke4 Re2+ 86. Kf4 Re7 87. Ra8 Kg2 88. Rg8+ Kf2 89. Ra8 Rf7+ 90. Kg4 Kg2 91. Ra3 f2 92. Rg3+ Kf1 93. Ra3 Ke2 94. Ra2+ Kd3 95. Ra3+ Kc4 96. Rf3 Rxf3 97. Kxf3 f1=Q+ 0-1


[Site "https://www.chess.com"]

[Event "Titled Tuesday Blitz February 21 Early 2023"]
[White "Van Foreest, Jorden"]
[Black "Bethke, Richard"]
[WhiteFideId "1039784"]
[BlackFideId "12959243"]
[WhiteElo "2689"]
[BlackElo "2382"]
[Result "1-0"]
[Round "01"]
[TimeControl "180+2"]
[Date "2023.02.21"]
[WhiteClock "0:00:17"]
[BlackClock "0:00:01"]

1. e4 c6 2. d4 d5 3. e5 Bf5 4. g4 Bg6 5. Nf3 h5 6. e6 Nf6 7. Ne5 hxg4 8. Bd3 Qd6 9. exf7+ Bxf7 10. Bf4 g5 11. Nxf7 Qe6+ 12. Ne5 gxf4 13. Bg6+ Kd8 14. Qe2 Kc7 15. Bf7 Qf5 16. Bg6 Qe6 17. Nc3 f3 18. Qe3 Bh6 19. Qd3 Nbd7 20. Qf5 Nf8 21. Kf1 Qxf5 22. Bxf5 Rg8 23. Rg1 Bf4 24. Nxg4 N8d7 25. Re1 Rg5 26. Bxd7 Nxd7 27. Rxe7 Rag8 28. Rxd7+ Kc8 29. h3 Kxd7 30. Nf6+ Ke6 31. Nxg8 Rxg1+ 32. Kxg1 Kf7 33. Kf1 Kxg8 34. Nb1 Bc1 35. b3 Kg7 36. Ke1 Kg6 37. Nd2 Bb2 38. Nxf3 Kf5 39. Ke2 Kf4 40. h4 Kg4 41. a4 a5 42. h5 Kxh5 43. Kd3 Kg4 44. Ne5+ Kf5 45. Nd7 Ba3 46. c4 Bd6 47. Nc5 Bxc5 48. dxc5 Ke5 49. Ke3 dxc4 50. bxc4 Kf5 51. f4 Ke6 52. Ke4 Kf6 53. f5 Kf7 54. Ke5 Ke7 55. f6+ Kd7 56. Kf5 Kc7 57. f7 1-0


[Site "https://www.chess.com"]

[Event "Titled Tuesday Blitz February 21 Early 2023"]
[White "Bettalli, Francesco"]
[Black "Alekseenko, Kirill"]
[WhiteFideId "2816453"]
[BlackFideId "4135539"]
[WhiteElo "2252"]
[BlackElo "2686"]
[Result "0-1"]
[Round "01"]
[TimeControl "180+2"]
[Date "2023.02.21"]
[WhiteClock "0:00:01"]
[BlackClock "0:00:12"]

1. d4 d5 2. Nc3 Nf6 3. Bf4 a6 4. e3 e6 5. a3 c5 6. Nf3 Nc6 7. Be2 Bd6 8. Bg3 O-O 9. O-O Qc7 10. dxc5 Bxg3 11. hxg3 Rd8 12. b4 e5 13. Na4 Be6 14. Nb6 Rab8 15. c3 h6 16. Qc2 Re8 17. Rad1 Rbd8 18. Rfe1 g6 19. c4 d4 20. exd4 e4 21. d5 exf3 22. Bxf3 Bf5 23. Qc3 Ne4 24. Bxe4 Bxe4 25. dxc6 bxc6 26. Qf6 Rxd1 27. Rxd1 Bf5 28. Qd6 Qb7 29. f3 h5 30. a4 Kh7 31. b5 Re6 32. Qd4 Re2 33. Kh2 axb5 34. axb5 Qc7 35. Qd6 Qa7 36. Qxc6 Qa2 37. Rg1 Qd2 38. Qd5 Qg5 39. Qxf7+ Kh6 40. Qf8+ Kh7 41. Nd5 Re6 42. Nf4 Rf6 43. Qe7+ Kg8 44. Qd8+ Kg7 0-1


[Site "https://www.chess.com"]

[Event "Titled Tuesday Blitz February 21 Early 2023"]
[White "Shimanov, Aleksandr"]
[Black "Padmini, Rout"]
[WhiteFideId "4198603"]
[BlackFideId "5029295"]
[WhiteElo "2581"]
[BlackElo "2375"]
[Result "0-1"]
[Round "01"]
[TimeControl "180+2"]
[Date "2023.02.21"]
[WhiteClock "0:00:01"]
[BlackClock "0:00:14"]

1. e4 c5 2. Nf3 e6 3. c3 Nf6 4. e5 Nd5 5. d4 cxd4 6. cxd4 d6 7. Bc4 Be7 8. O-O O-O 9. Qe2 b6 10. Bxd5 exd5 11. Nc3 Ba6 12. Qc2 Bxf1 13. Kxf1 dxe5 14. Nxe5 f6 15. Nf3 Qd7 16. Be3 Nc6 17. Rd1 Rac8 18. Qd3 Na5 19. b3 Rfd8 20. Ne2 Nc6 21. Nf4 Nb4 22. Qb1 Nc2 23. Rd2 Nxe3+ 24. fxe3 Bd6 25. Ne2 Rc7 26. Qd3 Rdc8 27. Kf2 Qg4 28. h3 Qe4 29. Qb5 Re7 30. Rd3 Rc2 31. a4 h5 32. Ke1 Kh7 33. Kd1 Rec7 34. Ne1 R2c6 35. Nf3 a5 36. Ke1 h4 37. Kf1 Bg3 38. Qa6 Rc2 39. Qb5 Ra2 40. Rd1 Rcc2 41. Nfg1 Qf5+ 42. Nf4 Rf2+ 43. Ke1 Bxf4 0-1


[Site "https://www.chess.com"]

[Event "Titled Tuesday Blitz February 21 Early 2023"]
[White "Ferreira, Vitor Hugo Vieira"]
[Black "Erigaisi Arjun"]
[WhiteFideId "2119765"]
[BlackFideId "35009192"]
[WhiteElo "2128"]
[BlackElo "2701"]
[Result "0-1"]
[Round "01"]
[TimeControl "180+2"]
[Date "2023.02.21"]
[WhiteClock "0:00:09"]
[BlackClock "0:01:29"]

1. Nf3 g6 2. g3 Bg7 3. Bg2 e5 4. O-O f5 5. d3 d5 6. c4 dxc4 7. Qa4+ Nc6 8. Qxc4 Qe7 9. Nc3 Nf6 10. b3 Be6 11. Qa4 O-O-O 12. Ba3 Qd7 13. Rac1 Kb8 14. Nb5 a6 15. Nc3 Rhe8 16. b4 Nd4 17. Qd1 Nd5 18. Nxd4 exd4 19. Nxd5 Bxd5 20. Bxd5 Qxd5 21. Qc2 Rd7 22. Rfe1 h5 23. h4 Bh6 24. Rb1 f4 25. Bc1 Rf8 26. Qc4 fxg3 27. fxg3 Bxc1 28. Qxd5 Be3+ 0-1


[Site "https://www.chess.com"]

[Event "Titled Tuesday Blitz February 21 Early 2023"]
[White "Tang, Andrew"]
[Black "Ilinca Ilinca, Felix Antonio"]
[WhiteFideId "2059630"]
[BlackFideId "54764998"]
[WhiteElo "2523"]
[BlackElo "2266"]
[Result "0-1"]
[Round "01"]
[TimeControl "180+2"]
[Date "2023.02.21"]
[WhiteClock "0:00:05"]
[BlackClock "0:00:14"]

1. d4 d5 2. Bf4 Nf6 3. e3 c5 4. dxc5 Nc6 5. Bb5 Qa5+ 6. Nc3 a6 7. Bxc6+ bxc6 8. Nf3 Qxc5 9. O-O e6 10. Na4 Qb5 11. c4 dxc4 12. Nd4 Qb7 13. Rc1 c5 14. Nf3 Bd7 15. Ne5 Bb5 16. Nxc4 Be7 17. Qc2 O-O 18. Rfd1 Rfd8 19. Na5 Qe4 20. Qxe4 Nxe4 21. Nb6 Rxd1+ 22. Rxd1 Rd8 23. Rc1 Rd2 24. f3 Nf6 25. Nbc4 Rd8 26. e4 Rd3 27. Kf2 Nh5 28. Be3 f5 29. exf5 exf5 30. Nb3 Rd5 31. g3 Nf6 32. Nb6 Re5 33. Rc3 g5 34. Nxc5 f4 35. gxf4 gxf4 36. Bd4 Rh5 37. Kg1 Nd5 38. Nxd5 Rxd5 39. Nb3 Kf7 40. Rc2 Rg5+ 41. Rg2 Rxg2+ 42. Kxg2 Ke6 43. Kh3 Kf5 44. Bc3 Bf1# 0-1


[Site "https://www.chess.com"]

[Event "Titled Tuesday Blitz February 21 Early 2023"]
[White "Baches Garcia, Guillermo"]
[Black "Lazavik, Denis"]
[WhiteFideId "2209764"]
[BlackFideId "13515110"]
[WhiteElo "2327"]
[BlackElo "2544"]
[Result "0-1"]
[Round "01"]
[TimeControl "180+2"]
[Date "2023.02.21"]
[WhiteClock "0:00:01"]
[BlackClock "0:00:12"]

1. e4 c5 2. Nf3 e6 3. d4 cxd4 4. Nxd4 Nc6 5. Nc3 Qc7 6. Be3 a6 7. g4 b5 8. Nxc6 Qxc6 9. Qd2 b4 10. Ne2 Qxe4 11. Rg1 Qc6 12. Bg2 d5 13. O-O-O Bb7 14. g5 Ne7 15. f4 O-O-O 16. Nd4 Qc7 17. Kb1 Kb8 18. Rc1 Nc8 19. c3 b3 20. Nxb3 Nd6 21. Qf2 Nc4 22. Bd4 Rg8 23. Nd2 Nxd2+ 24. Qxd2 Bd6 25. Rgf1 Rc8 26. Qe3 Qd7 27. Be5 Ka8 28. Rfd1 f6 29. gxf6 gxf6 30. Bxd6 Rxg2 31. Bc5 Qb5 32. Ba3 Re8 33. Qd4 e5 34. fxe5 fxe5 35. Qh4 Qd7 36. Qh6 Rg6 37. Qe3 Qf5+ 38. Ka1 Rg2 39. Rf1 Qg6 40. Qc5 Rc8 41. Qa5 Rxh2 42. Bc5 Qc6 43. Ba3 d4 44. Kb1 d3 45. Qxe5 Re2 46. Qd4 d2 0-1


[Site "https://www.chess.com"]

[Event "Titled Tuesday Blitz February 21 Early 2023"]
[White "Korobov, Anton"]
[Black "Sai Han Thiha"]
[WhiteFideId "14105730"]
[BlackFideId "13012290"]
[WhiteElo "2664"]
[BlackElo "2070"]
[Result "1-0"]
[Round "01"]
[TimeControl "180+2"]
[Date "2023.02.21"]
[WhiteClock "0:00:39"]
[BlackClock "0:00:03"]

1. d4 Nf6 2. c4 e6 3. Nf3 Bb4+ 4. Nbd2 b6 5. a3 Bxd2+ 6. Qxd2 Bb7 7. e3 a5 8. b3 d6 9. Bb2 Nbd7 10. Be2 O-O 11. O-O Qe7 12. Rfd1 Rfc8 13. Ne1 c5 14. dxc5 dxc5 15. Qd6 Qxd6 16. Rxd6 Bc6 17. f3 Kf8 18. Rd2 Ke7 19. Nd3 Rd8 20. Rad1 Ne8 21. h4 f6 22. Nf4 Nf8 23. g4 Rxd2 24. Rxd2 Rd8 25. Rxd8 Kxd8 26. Kf2 Ke7 27. Bc3 Kd6 28. g5 e5 29. Nh5 Ke6 30. f4 Nd7 31. Bg4+ f5 32. Be2 g6 33. Ng3 e4 34. h5 Nd6 35. h6 Kf7 36. Nf1 Bb7 37. Nd2 Ba6 38. b4 axb4 39. axb4 Bb7 40. Ke1 Ba6 41. Kd1 Bb7 42. Kc2 Ba6 43. Kb3 Ke6 44. Nb1 Bb7 45. Na3 Ba6 46. Bg7 Kf7 47. bxc5 bxc5 48. Ka4 Ke6 49. Ka5 Bb7 50. Nb5 1-0


[Site "https://www.chess.com"]